AoeStats
← Loki_GT

Oasis

509816298Analyzed
4v4 RM · 3d ago on Sep 28, 2026· 22m 50s· 8 players
Game mode
Random Map
Map size
Large (8 player)
Population
200
Speed
Normal
Resources
Standard
Victory
Conquest
Starting age
Dark Age
Ending age
Imperial Age
RankedLock teamsTeams togetherTeam positionsShared explorationLock speedFull tech treeHidden civsTurbo modeCheats
Victory
Defeat
🇦🇷 Bengalis · Argentina
1262
+15
🇨🇦 Goths · Canada
1247
+16
🇦🇷 Saracens · Argentina
1233
+16
🇦🇷 Varangians · Argentina
1195
+18
🇦🇺 Persians · Australia
1253
-17
🇦🇷 Italians · Argentina
1250
-17
🇯🇵 Magyars · Japan
1239
-16
🇦🇷 Dravidians · Argentina
1221
-15
Ipower
6:17 Loom
9:16 Feudal Age
10:59 Double-Bit Axe
14:19 Horse Collar
14:48 Town Watch
15:08 Fletching
17:37 Padded Archer Armor
24:04 Castle Age
Loki_GT
0:26 Loom
12:32 Feudal Age
16:35 Castle Age
15:00 Double-Bit Axe
14:56 Horse Collar
16:39 Pikeman
17:52 Elite Skirmisher
23:19 Bow Saw
Atilafiorito
5:56 Loom
9:07 Feudal Age
10:31 Double-Bit Axe
14:31 Bloodlines
16:13 Scale Barding Armor
17:48 Forging
22:09 Castle Age
22:26 Horse Collar
22:32 Light Cavalry
Genghis 232
3:00 Loom
10:52 Feudal Age
17:31 Castle Age
15:59 Double-Bit Axe
22:13 Horse Collar
rAiDz
7:38 Loom
13:10 Feudal Age
17:14 Castle Age
16:38 Wheelbarrow
15:48 Horse Collar
18:36 Heavy Plow
18:21 Double-Bit Axe
diavolomagro
6:06 Loom
9:00 Feudal Age
20:22 Double-Bit Axe
7662200
6:42 Loom
9:18 Feudal Age
10:25 Double-Bit Axe
14:24 Horse Collar
21:47 Castle Age
21:54 Bloodlines
23:08 Wheelbarrow
22:19 Town Watch
Klingon86
6:34 Loom
9:13 Feudal Age
14:22 Fletching
23:07 Castle Age
21:18 Gold Mining
22:52 Double-Bit Axe
Connection lost

Rejoining the realm…

Still unreachable

The connection could not be restored.

Session expired

The server has moved on; the page needs a fresh start.